 Dungeon Crawl Stone Soup version 0.22.1-1-ga44c0e5 (webtiles) character file.

186 topirishpotato the Covered (level 5, -1/33 HPs)
             Began as a Gargoyle Fighter on Oct 2, 2018.
             Killed by divine providence
             ... invoked by an orc priest
              (11 damage)
             ... on level 3 of the Dungeon.
             The game lasted 00:03:09 (2504 turns).

topirishpotato the Covered (Gargoyle Fighter)       Turns: 2504, Time: 00:03:10

Health: -1/33      AC: 13    Str: 20    XL:     5   Next: 65%
Magic:  5/5        EV:  8    Int:  8    God:
Gold:   174        SH:  9    Dex: 10    Spells: 4/4 levels left

rFire    . . .     SeeInvis .   a - +0 flail
rCold    . . .     Gourm    .   c - +0 shield
rNeg     + . .     Faith    .   b - +0 scale mail
rPois    ∞         Spirit   .   p - +0 helmet
rElec    +         Reflect  .   d - +0 cloak
rCorr    .         Harm     .   (no gloves)
MR       .....                  (no boots)
Stlth    ..........             s - amulet of magic regeneration
HPRegen  0.11/turn              (no ring)
MPRegen  0.34/turn              (no ring)

@: no status effects
A: negative energy resistance 1, electricity resistance, unbreathing,
petrification resistance, rot immunity, AC +4
a: no special abilities


You were on level 3 of the Dungeon.
You were not hungry.

You visited 1 branch of the dungeon, and saw 3 of its levels.

You collected 174 gold pieces.

Inventory:

Hand Weapons
 a - a +0 flail (weapon)
Armour
 b - a +0 scale mail (worn)
 c - a +0 shield (worn)
 d - a +0 cloak (worn)
 p - a +0 helmet (worn)
Jewellery
 s - an amulet of magic regeneration (around neck)
Wands
 u - a wand of random effects (8)
Scrolls
 g - 2 scrolls of fear
 h - a scroll of remove curse
 i - 3 scrolls of magic mapping {unknown}
 k - 2 scrolls of blinking {unknown}
 o - 2 scrolls of amnesia {unknown}
 q - a scroll of fog {unknown}
 r - a scroll of teleportation {unknown}
 t - a scroll of noise {unknown}
Potions
 j - a potion of agility {unknown}
 l - a potion of heal wounds {unknown}
 m - a potion of degeneration {unknown}
 n - 2 potions of mutation {unknown}
Comestibles
 f - 7 rations


   Skills:
 + Level 3.8 Fighting
 + Level 3.7 Maces & Flails
 + Level 4.3 Armour
 + Level 1.1 Dodging
 + Level 4.0 Shields


You had 4 spell levels left.
You didn't know any spells.
Your spell library was empty.

Dungeon Overview and Level Annotations

Branches:
Dungeon (3/15)

Altars:

Annotations:
D:3 Terence


Innate Abilities, Weirdness & Mutations

You are resistant to torment.
Your stone body is resilient. (AC +4)
You are immune to poison.
You resist negative energy. (rN+)
You are resistant to electric shocks. (rElec)
You can survive without breathing.
You are immune to petrification.
You are immune to rotting.


Message History

The quokka bites you but does no damage.
It was a potion of curing.
You feel better. The quokka closely misses you. You block the quokka's attack.
You hit the quokka.
The quokka is moderately wounded.
The quokka barely misses you.
You closely miss the quokka.
The quokka is moderately wounded.
You block the quokka's attack. The quokka closely misses you.
The orc priest mumbles some strange prayers to Beogh against you.
Beogh smites you!
* * * LOW HITPOINT WARNING * * *
Your shield and scale mail prevent you from hitting the quokka.
The quokka is moderately wounded.
The quokka barely misses you.
You feel better.
The quokka bites you but does no damage. x2
The orc priest mumbles some strange prayers to Beogh against you.
Beogh smites you!
You die...

#.......#
#.##.##.#.####
#...o...#
#..†.##[#.....
#..)...o#
#.#####.#(####
#...o.oo####.#
#.#.#...
#######....#.#
#.#.#.## #@##.#.##
#.#.#.#. #r#.....#
#.#.#.#. #.####..#
#.#.#.#.
#.@.....####.#.....
######.......##.###
##########.#
#.........#
#.#######.# #.#<#
### #.#.# #...#
#####


You could see Terence, an orc priest, an orc wizard, an orc and a quokka.

Vanquished Creatures
  Crazy Yiuf (D:3)
  Jessica (D:3)
  Robin (D:2)
  3 adders
  2 oozes
  An adder skeleton (D:3)
  3 worms
  A dart slug (D:3)
  A leopard gecko (D:1)
  3 giant cockroaches (D:1)
  15 goblins
  12 hobgoblins
  2 quokkas
  A ball python (D:2)
  7 bats
  2 frilled lizards (D:2)
  10 kobolds
  7 rats
73 creatures vanquished.

Notes
Turn   | Place    | Note
-------+----------+-------------------------------------------
     0 | D:1      | topirishpotato the Gargoyle Fighter began the quest for the
                  | Orb.
     0 | D:1      | Reached XP level 1. HP: 14/14 MP: 1/1
   205 | D:1      | Reached XP level 2. HP: 14/19 MP: 2/2
   760 | D:2      | Reached XP level 3. HP: 24/24 MP: 3/3
  1008 | D:2      | Noticed Robin
  1025 | D:2      | Reached XP level 4. HP: 25/29 MP: 4/4
  1034 | D:2      | Killed Robin
  1595 | D:3      | Found a runed door.
  1808 | D:3      | Noticed Crazy Yiuf
  1811 | D:3      | Killed Crazy Yiuf
  1811 | D:3      | Reached XP level 5. HP: 16/33 MP: 5/5
  2065 | D:3      | Noticed Jessica
  2067 | D:3      | Killed Jessica
  2067 | D:3      | Reached skill level 1 in Dodging
  2482 | D:3      | Noticed Terence
  2504 | D:3      | Killed from afar by an orc priest

Skill      XL: |  1  2  3  4  5 |
---------------+----------------+-----
Armour         | 4 |  4.3
Maces & Flails | 3 |  3.7
Dodging        | 1 |  1.1
Shields        | 4 |  4.0
Fighting       | |  3.8

Action                   |  1- 3 |  4- 6 || total
-------------------------+-------+-------++-------
Melee: Flail             |   141 |   128 ||   269
  Use: Scroll            |     2 |       ||     2
       Potion            |       |     3 ||     3
  Eat: Chunk             |       |     2 ||     2
       Ration            |       |     1 ||     1
Armor: Scale mail        |    81 |    70 ||   151
Dodge: Dodged            |    35 |    47 ||    82
Block: Shield            |    76 |    72 ||   148
